 Dungeon Crawl Stone Soup version 0.22-a0-830-gf552829 (webtiles) character file.

56 Inchmeat the Skirmisher (level 3, -2/42 HPs)
             Began as an Ogre Hunter on July 25, 2018.
             Slain by a goblin
             ... wielding a +0 dagger
             ... led by Robin
              (6 damage)
             ... on level 2 of the Dungeon.
             The game lasted 00:02:09 (1639 turns).

Inchmeat the Skirmisher (Ogre Hunter)               Turns: 1639, Time: 00:02:09

Health: -2/42      AC:  3    Str: 17    XL:     3   Next: 97%
Magic:  3/3        EV: 10    Int: 12    God:
Gold:   41         SH:  0    Dex:  9    Spells: 2/2 levels left

rFire    . . .     SeeInvis .   e - +0 short sword
rCold    . . .     Gourm    .   (no shield)
rNeg     . . .     Faith    .   b - +0 robe
rPois    .         Spirit   .   (helmet restricted)
rElec    .         Reflect  .   (no cloak)
rCorr    .         Harm     .   (gloves unavailable)
MR       .....                  (boots unavailable)
Stlth    +.........             (no amulet)
HPRegen  0.14/turn              (no ring)
MPRegen  0.08/turn              (no ring)

@: no status effects
A: large, unfitting armour, tough skin 1
a: no special abilities


You were on level 2 of the Dungeon.
You were not hungry.

You visited 1 branch of the dungeon, and saw 2 of its levels.

You collected 41 gold pieces.

Inventory:

Hand Weapons
 a - a +0 short sword
 e - a +0 short sword (weapon)
Missiles
 d - 2 throwing nets (quivered)
Armour
 b - a +0 robe (worn)
Jewellery
 j - a +5 ring of dexterity {unknown}
Scrolls
 g - a scroll of amnesia {unknown}
 h - a scroll of magic mapping {unknown}
 k - a scroll of remove curse {unknown}
 m - a scroll of identify {unknown}
Potions
 l - a potion of heal wounds {unknown}
Comestibles
 f - 3 rations


   Skills:
 * Level 5.3 Fighting
 - Level 4.0 Throwing
 - Level 2.0 Dodging
 - Level 0.7 Stealth


You had 2 spell levels left.
You didn't know any spells.
Your spell library was empty.

Dungeon Overview and Level Annotations

Branches:
Dungeon (2/15)

Altars:

Annotations:
D:2 Robin


Innate Abilities, Weirdness & Mutations

You are too large for most types of armour.
You have tough skin. (AC +1)


Message History

Throwin' (i - inventory. (/) - cycle)
c - 2 large rocks (quiv'red)
Press: ? - help, Shift-Dir - straight line, f - goblin
Aim: a goblin (unusu'lly strong) Ye throw a large rock.
Tha large rock closely misses tha goblin.
Tha large rock hits tha goblin.
Ye kill tha goblin!
Tha goblin barely misses ye.
Tha goblin closely misses ye.
Throwin' (i - inventory. (/) - cycle)
c - a large rock (quiv'red)
Press: ? - help, Shift-Dir - straight line, f/p - goblin
Aim: a goblin (unusu'lly strong) Ye throw a large rock.
Tha large rock hits tha goblin!!
Ye kill tha goblin!
Tha goblin nay longer looks unusu'lly strong.
Robin roars a battlecry!
Tha goblins go inta a battle-frenzy!
Tha goblin closely misses ye.
It was a potion o' magic.
Magic courses through yer body.
Tha goblin hits ye wit' a dagger.
Ye die... ## ....... # ..g.. ggg

#'# #g# ### #.# ..#
##)##
#.######...###########.#
......#....ggggg@......#
#.###.##......##########
#.###.###.#.#.#
...##.#####...#
.............##
..############ ###


You could see Robin, 2 hobgoblins and 2 goblins.

Vanquished Creatures
  An adder (D:2)
  A worm (D:2)
  2 dart slugs (D:1)
  2 leopard geckos
  2 giant cockroaches
  13 goblins
  4 hobgoblins (D:1)
  2 kobolds (D:1)
  3 bats
  3 frilled lizards
  2 rats
35 creatures vanquished.

Notes
Turn   | Place    | Note
-------+----------+-------------------------------------------
     0 | D:1      | Inchmeat the Ogre Hunter began the quest for the Orb.
     0 | D:1      | Reached XP level 1. HP: 22/22 MP: 1/1
   301 | D:1      | Reached skill level 3 in Fighting
   507 | D:1      | Reached XP level 2. HP: 31/31 MP: 2/2
   750 | D:1      | Reached skill level 4 in Fighting
   820 | D:1      | Reached XP level 3. HP: 21/39 MP: 3/3
  1586 | D:2      | Reached skill level 5 in Fighting
  1603 | D:2      | Noticed Robin
  1639 | D:2      | Slain by a goblin

Vault maps used:
D:1:      onia_arrival_pentagram, minmay_pentomino_z4
D:2:      first_ration, uniq_robin

Skill      XL: |  1  2  3 |
---------------+----------+-----
Fighting       | 3 4 5 |  5.3
Dodging        | 2 |  2.0
Throwing       | |  4.0
Stealth        | |  0.7

Action                   || total
-------------------------++-------
Melee: Short sword       ||   108
Throw: Large rock        ||    16
  Use: Potion            ||     1
 Stab: Sleeping          ||     3
  Eat: Chunk             ||     2
Armor: Robe              ||    21
Dodge: Dodged            ||    65

Table legend:
 A = Spawn XP
 B = Non-spawn XP
 C = Spawn XP percentage of total XP
 D = Spawn monster count
 E = Non-spawn monster count
 F = Spawn count percentage of total count
 G = Total turns spent on level
                    A         B        C        D         E        F      G
               +---------+---------+-------+---------+---------+-------+---------
         Total |       0 |      81 |   0.0 |       0 |      35 |   0.0 |  1639
               +---------+---------+-------+---------+---------+-------+---------
           D:1 |       0 |      37 |   0.0 |       0 |      18 |   0.0 |  1186
           D:2 |       0 |      44 |   0.0 |       0 |      17 |   0.0 |   453
               +---------+---------+-------+---------+---------+-------+---------
